Cogmind - Beta 9.1 @@@ ROGUE MODE // 2019.10.28 @ 18:56:43 Player: cl0y-b1cks Result: Destroyed by L-31 Rogue with Katana Performance ------------- Evolutions (1) 500 Regions Visited (2) 400 Robots Destroyed (19) 95 Value Destroyed (342) 342 Prototype IDs (0) 0 Alien Tech Used (0) 0 Bonus (0) 0 TOTAL SCORE: 1337 Bonus ------- None Cogmind --------- Core Integrity 0/400 Matter 153/300 Energy 67/100 System Corruption 0% Temperature Cool (0) Location -9/Materials Parts ------- Power (1) Propulsion (2) Utility (4) Small Storage Unit Signal Interpreter Utility Shielding Weapon (2) Welding Torch Inventory (6) Peak State ------------ Power Improved Ion Engine Propulsion Flight Unit Flight Unit Utility Small Storage Unit Signal Interpreter Utility Shielding Weapon Mining Claw Inventory Medium Laser Mining Laser [Rating: 8] Favorites ----------- Power Improved Ion Engine Engine Improved Ion Engine Propulsion Aluminum Leg Leg Aluminum Leg Flight Unit Flight Unit Utility Small Storage Unit Storage Small Storage Unit Processor Signal Interpreter Protection Utility Shielding Weapon EM Pulse Gun Energy Gun EM Pulse Gun Ballistic Gun Assault Rifle Launcher Grenade Launcher Special Weapon Mining Laser Slashing Weapon Mining Claw Build | -11 -10 -9 ------- Run | Scr Mat Mat Slots Evolved 2 | . . 2 Power . | . . . Propulsion . | . . . Utility 2 | . . 2 Weapon . | . . . Parts Attached 18 | 6 3 9 Power 2 | 1 . 1 Engine 2 | 1 . 1 Core . | . . . Reactor . | . . . Propulsion 4 | 2 . 2 Treads . | . . . Leg 2 | 2 . . Wheel . | . . . Hover . | . . . Flight 2 | . . 2 Utility 3 | 1 1 1 Device . | . . . Storage 1 | 1 . . Processor 1 | . . 1 Hackware . | . . . Protection 1 | . 1 . Artifact . | . . . Weapon 9 | 2 2 5 Energy Gun 4 | 2 . 2 Energy Cannon . | . . . Ballistic Gun 1 | . 1 . Ballistic Cannon . | . . . Launcher 1 | . 1 . Special Weapon 2 | . . 2 Impact Weapon . | . . . Slashing Weapon 1 | . . 1 Piercing Weapon . | . . . Special Melee Weapon . | . . . Unidentified Prototypes . | . . . Parts Lost 12 | . 5 7 Power 2 | . 1 1 Propulsion 4 | . 2 2 Utility . | . . . Weapon 6 | . 2 4 Highest Loss Streak 6 | . 4 6 Average Slot Usage (%) 67 | . 81 57 Engine 10 | . 12 9 Leg 9 | . 22 . Flight 1 | . . 2 Storage 12 | . 14 11 Processor 3 | . . 6 Protection 8 | . 3 11 Energy Gun 8 | . 10 6 Ballistic Gun 3 | . 8 . Launcher 3 | . 8 . Slashing Weapon 5 | . . 10 Naked Turns . | . . . Heaviest Build 16 | 11 13 16 Greatest Support 20 | 20 20 8 Greatest Overweight (x) 5 | . 3 5 Average Overweight (x) 1 | . . 3 Largest Inventory Capacity 6 | 6 6 6 Average Capacity 5 | 5 6 6 Most Carried 5 | . 5 4 Average Carried 2 | . 3 2 Final Capacity 6 | 6 6 6 Final Carried 4 | . 4 . Class Distribution -------------------- 100% | Mutant Dominant Class ---------------- Mutant | -10/Materials Mutant | -9/Materials Resources | -11 -10 -9 ----------- Run | Scr Mat Mat Matter Collected 295 | 90 29 176 Remotely . | . . . Salvage Created 579 | . 381 198 Parts 43 | . 22 21 Haulers Intercepted . | . . . Recyclers Shooed . | . . . Parts Field Recycled . | . . . Retrieved Matter . | . . . Parts Self-Destructed . | . . . Prevented . | . . . Kills | -11 -10 -9 ------- Run | Scr Mat Mat Combat Hostiles Destroyed 10 | . 6 4 Melee 3 | . . 3 Guns 2 | . 1 1 AOE 5 | . 5 . Classes Destroyed 6 | . 4 2 Worker 1 | . 1 . Builder 1 | . . 1 Recycler 3 | . 2 1 Watcher 4 | . 2 2 Swarmer 4 | . . 4 Grunt 6 | . 6 . Best Kill Streak 6 | . 6 5 Combat Bots Only 4 | . 4 3 Max Kills in Single Turn 3 | . 3 1 Gunslinging . | . . . Exploded 1 | . 1 . Melee 1 | . . 1 Uniques/NPCs Destroyed . | . . . Combat | -11 -10 -9 -------- Run | Scr Mat Mat Damage Taken 1447 | . 677 770 Core 616 | . 215 401 Absorbed by Shields . | . . . Core Remaining (%) 57 | 100 14 . Volleys Fired 32 | . 21 11 Largest 2 | . 2 1 Hottest 100 | . 90 100 Shots Fired 47 | . 36 11 Gun 37 | . 28 9 Cannon . | . . . Launcher 8 | . 8 . Special 2 | . . 2 Kinetic 14 | . 14 . Thermal 11 | . 7 4 Explosive 8 | . 8 . Electromagnetic 14 | . 7 7 Robot Hit Streak 6 | . 5 6 Robot Miss Streak 5 | . 5 3 Penetration Max . | . . . Secondary Targets . | . . . Shots Hit Robots 41 | . 20 21 Core Hits 30 | . 21 9 Critical Hits . | . . . Critical Kills . | . . . Critical Parts Destroyed . | . . . Melee Attacks 20 | . . 20 Impact . | . . . Slashing 20 | . . 20 Piercing . | . . . Sneak Attacks 2 | . . 2 Combat Hostiles . | . . . Follow-up Attacks . | . . . Damage Inflicted 1267 | . 762 505 Guns 237 | . 149 88 Cannons . | . . . Explosions 613 | . 613 . Melee 393 | . . 393 Ramming . | . . . Kinetic 63 | . 63 . Thermal 221 | . 173 48 Explosive 502 | . 502 . Electromagnetic 88 | . 24 64 Impact . | . . . Slashing 393 | . . 393 Piercing . | . . . Highest Corruption . | . . . Average Corruption . | . . . Corruption Purged . | . . . Overload Shots . | . . . Overflow Damage 91 | . 33 58 Projectiles . | . . . Explosions 33 | . 33 . Melee 58 | . . 58 Knockbacks . | . . . Impact . | . . . Kinetic . | . . . Secondary . | . . . Self-Inflicted Damage 178 | . 178 . Shots 4 | . 4 . Rammed . | . . . Targets Rammed . | . . . Kicked . | . . . Crushed . | . . . Highest Temperature 192 | . 192 12 Average Temperature 46 | . 57 6 Received Heat Transfer 324 | . 270 54 Siege Activations . | . . . Robots Corrupted . | . . . Combat Hostiles . | . . . Parts Fried . | . . . Impact Corruptions . | . . . Robots Melted . | . . . Combat Hostiles . | . . . Parts Melted . | . . . Heat Transferred 459 | . 335 124 Parts Sabotaged . | . . . Parts Stolen . | . . . Parts Stripped . | . . . Power Chain Reactions 1 | . 1 . Missiles Intercepted . | . . . Alert | -11 -10 -9 ------- Run | Scr Mat Mat Peak Influence 207 | . 207 207 Average Influence 101 | . 84 131 Maximum Alert Level 1 | . 1 1 Low Security (%) 87 | . . . Level 1 12 | . . . Level 2 . | . . . Level 3 . | . . . Level 4 . | . . . Level 5 . | . . . High Security . | . . . Max Security . | . . . Squads Dispatched 4 | . 4 . Investigation 1 | . 1 . Extermination . | . . . Reinforcement 3 | . 3 . Assault . | . . . Garrison . | . . . Intercept . | . . . Construction Impeded . | . . . Haulers Reinforced . | . . . Stealth | -11 -10 -9 --------- Run | Scr Mat Mat Distress Signals 3 | . 3 . Communications Jammed . | . . . Distress Signals . | . . . Times Spotted 25 | . 16 9 Peak Tracking Total 7 | . 7 4 Tactical Retreats . | . . . Traps | -11 -10 -9 ------- Run | Scr Mat Mat Traps Triggered 1 | . 1 . Indirectly . | . . . Trap Hack Attempts . | . . . Triggered . | . . . Disarmed . | . . . Reprogrammed . | . . . Reused . | . . . Traps Extracted . | . . . Installed . | . . . Triggered . | . . . Machines | -11 -10 -9 ---------- Run | Scr Mat Mat Machines Disabled 1 | . 1 . Max in Single Turn 1 | . 1 . Machines Sabotaged . | . . . Garrisons Compromised . | . . . Overloaded Fab Kills . | . . . Fab Network Shutdowns . | . . . Hacking | -11 -10 -9 --------- Run | Scr Mat Mat Machines Accessed 1 | . . 1 Terminals 1 | . . 1 Fabricators . | . . . Repair Stations . | . . . Recycling Units . | . . . Scanalyzers . | . . . Garrison Access . | . . . Total Hacks 2 | . . 2 Successful 1 | . . 1 Failed 1 | . . 1 Catastrophic . | . . . Database Lockouts . | . . . Manual . | . . . Terminals 2 | . . 2 Fabricators . | . . . Repair Stations . | . . . Recycling Units . | . . . Scanalyzers . | . . . Garrison Access . | . . . Terminal Hacks 1 | . . 1 Zone Layout 1 | . . 1 Fabricator Hacks . | . . . Repair Station Hacks . | . . . Recycling Unit Hacks . | . . . Scanalyzer . | . . . Garrison Access Hacks . | . . . Unauthorized Hacks . | . . . Terminals . | . . . Fabricators . | . . . Repair Stations . | . . . Recycling Units . | . . . Scanalyzers . | . . . Garrison Access . | . . . Data Cores Recovered . | . . . Used . | . . . Hacking Detections . | . . . Full Trace Events . | . . . Feedback Events . | . . . Feedback Blocked . | . . . Robot Schematics Acquired . | . . . Robots Built . | . . . Matter . | . . . Time . | . . . Total Robot Build Rating . | . . . Part Schematics Acquired . | . . . Parts Built . | . . . Matter . | . . . Time . | . . . Total Part Build Rating . | . . . Parts Repaired . | . . . Time . | . . . Parts Recycled . | . . . Recycled Matter . | . . . Retrieved Matter . | . . . Retrieved Components . | . . . Parts Scanalyzed . | . . . Part Schematics Acquired . | . . . Parts Damaged . | . . . Bothacking | -11 -10 -9 ------------ Run | Scr Mat Mat Used RIF Installer . | . . . Robots Hacked . | . . . Non-combat . | . . . Combat . | . . . Robot Hacks Applied . | . . . Relay Couplers Released . | . . . Robots Rewired . | . . . Allies Hacked . | . . . Hacks Repelled . | . . . Allies | -11 -10 -9 -------- Run | Scr Mat Mat Total Allies . | . . . Largest Group . | . . . Highest-Rated Group . | . . . Highest-Rated Ally . | . . . Total Orders . | . . . Ally Attacks . | . . . Total Damage . | . . . Kills . | . . . Allies Corrupted . | . . . Allies Melted . | . . . Intel | -11 -10 -9 ------- Run | Scr Mat Mat Robot Analysis Total . | . . . Derelict Logs Recovered . | . . . Drone Launches . | . . . Drone Recoveries . | . . . Exploration | -11 -10 -9 ------------- Run | Scr Mat Mat Turns Passed 657 | 62 252 343 Spaces Moved 300 | 51 141 108 Core 109 | 11 9 89 Treads . | . . . Legs 172 | 40 132 . Wheels . | . . . Hover . | . . . Flight 19 | . . 19 Fastest Speed 50 | 50 100 100 Average Speed 157 | 104 124 226 Slowest Speed 300 | 120 200 300 Overloaded Moves . | . . . Propulsion Burnouts . | . . . Robots Hopped . | . . . Cave-ins Triggered . | . . . Exploration Rate (%) 16 | 3 34 11 Regions Visited 2 Branch Regions . Pre-discovered Areas . | . . . Known Exits Taken . | . . . Unknown Exits Taken 2 | 1 1 . Scrap Searched . | . . . Spaces Dug . | . . . Terrain Destroyed 62 | . 62 . Melee . | . . . Projectile . | . . . AOE 62 | . 62 . Actions | -11 -10 -9 --------- Run | Scr Mat Mat Total 387 | 56 181 150 Wait 12 | . 10 2 Move 298 | 50 140 108 Hop . | . . . Pick Up 6 | . 6 . Fast Attach 11 | 6 . 5 Attach 5 | . 1 4 Detach . | . . . Swap 2 | . 2 . Drop 1 | . 1 . Fire 32 | . 21 11 Melee 20 | . . 20 Ram . | . . . Kick . | . . . Crush . | . . . Escape Stasis . | . . . Rewire . | . . . Trap . | . . . Miscellaneous . | . . . Route ------- -11/Scrapyard -10/Materials -9/Materials History --------- Turn | Location | Event 8 | -11/Scrapyard | Discovered new exit (range 15) 63 | -11/Scrapyard | Entered Materials 256 | -10/Materials | Core integrity fell below 50% 310 | -10/Materials | Discovered new exit (range 7) 314 | -10/Materials | Core integrity fell below 20% 315 | -10/Materials | Entered another Materials area 315 | -9/Materials | Evolved 2 slots: Utility x2 318 | -9/Materials | Build established: Mutant 340 | -9/Materials | Lost 4 parts (1p1n2w) 640 | -9/Materials | Core integrity fell below 50% 652 | -9/Materials | Core integrity fell below 20% 658 | -9/Materials | Destroyed by L-31 Rogue with Katana Last Messages --------------- 00600_ T-07 Excavator is excavating. 00601_ U-05 Engineer lays Concrete. 00602_ K-01 Serf collects debris. 00604_ T-07 Excavator is excavating. 00606_ K-01 Serf collects debris. 00613_ Sneak attack on R-06 Scavenger. 00613_ R-06 Scavenger destroyed. 00616_ Acquired 60 matter. 00619_ G-34 Mercenary destroyed. 00621_ Flight Unit destroyed. 00628_ Med. Laser destroyed. 00628_ Imp. Ion Engine destroyed. 00631_ R-06 Scavenger collects Tractor Beam. 00635_ R-06 Scavenger collects Wheel. 00638_ R-06 Scavenger collects Terrain Scanner. 00641_ R-06 Scavenger collects Com. Wheel. 00645_ Flight Unit destroyed. 00646_ Mining Laser destroyed. 00654_ Mining Claw destroyed. 00658_ Acquired Welding Torch. Map ----- +----------------------------------------------------+ | ?????????????????????????????# #????????????? | | ?????????????????????????????# #????????????? | | ?????????????????????????????# #????????????? | | ????????????????????###??????# #????????????? | | ?????????????????#### ??????# #????????????? | | ?????????????????? ?######+###??????????? | | ??????????????????? ?# #??????????? | | ????????? ????????### ### #??????????? | | ??????? ####### # #??????????? | | ??????? *# #??????????? | | ??????? / #??????????? | | ??????? =# #??????????? | | ??????????######### % [# #??????????? | | ??????????????????## u ## #??????????? | | ????????????????#### ## #??????????? | | ????????????????# # ##+########??????????? | | ????????????????# ## #?????????????????? | | ????????????????# # ## #?????????????????? | | ????????????????#### ## #?????????????????? | | ???????????????????# ## #?????????????????? | | ???????????????????#u#### ??????????????????? | | ???????????????????# #??# ??????????????????? | | ???????????????????# #??? ??????????????????? | | ???????????????????# #??? ??????????????????? | | ???????????????????#!#??? ??????????????????? | | ???????????????????#@#??? ??????????????????? | | ???????????????????#l#??? ??????????????????? | | ??????????# #### #### #?????????????????? | | ??????????# *%[*Y #?????????????????? | | ??????????# ! +?????????????????? | | ??????????# #?????????????????? | | ??????????# ######### #?????????????????? | | ??????????## ???????????#?????????????????? | | ???????????# ??????????????????????????????? | | ???????????# ???????????????????????????????? | | ???????????#????????????????????????????????? | | ????????????????????????????????????????????? | | ????????????????????????????????????????????? | | ????????????????????????????????????????????? | | ????????????????????????????????????????????? | | ????????????????????????????????????????????? | | ????????????????????????????????????????????? | | ????????????????????????????????????????????? | | ????????????????????????????????????????????? | | ????????????????????????????????????????????? | | ????????????????????????????????????????????? | | ????????????????????????????????????????????? | | ????????????????????????????????????????????? | | ????????????????????????????????????????????? | | ????????????????????????????????????????????? | +----------------------------------------------------+ Best States ------------- Heat Dissipation 28 Energy Generation 12 Energy Capacity 265 Matter Stores 158 Matter Capacity 300 Sight Range 16 Terrain Scan Density 10 Utility Shielding 33 Evasion (%) 50 Item Schematics ----------------- None Robot Schematics ------------------ None Fabricated ------------ Nothing Alien Tech Used ----------------- None Achievements -------------- None Challenges ------------ None Game ------ Seed ImpactGuidedCore Manual? 0 Play Time 00:08:38 Cumulative 115.8 hours Start 2019.10.28 @ 18:50:05 End 2019.10.28 @ 18:56:43 Sessions 1 Manual Loads 0 Difficulty Rogue Special Mode None Game No. 203 Rogue 203 Adventurer 0 Explorer 0 Win Type - Total 0 Types 0/0/0/0/0/0/0 Lore% 17 Gallery% 46 Achievement% 30 Wizard Run 0 Options --------- ASCII 0 Keyboard 1 Movement Numpad Keybinds 0 Fullscreen 2 Font 18/SmallcapsGlow Map View 76x50 Tactical HUD 1 Map Filters NONE Filters NONE Steam 1 RUN: 03a561c9-cf8f-49c0-b0bb-999119f63817